[Event "Thursday 25 January Rapid Engine Tour 12+1 Rounds 9 Starts 1600 ST"]
[Site "Infinity Chess"]
[Date "2018.1.25"]
[Round "8"]
[White "Eman"]
[Black "Prometheus"]
[Result "1/2-1/2"]
[ECO "B50"]
[WhiteElo "2462"]
[BlackElo "2469"]
[WhiteEngine "Eman 1.67a 64-bit POPCNT"]
[BlackEngine "Eman 1.67-64bit-IDeA"]
[EventType "Swiss"]
[WhiteTeam ""]
[BlackTeam ""]
[PlyCount "124"]
[TimeControl "720+1"]

1. e4 c5 2. Nf3 d6 3. Nc3 e5 4. Bc4 Nc6 5. a4 Be7 6. d3 Nf6 7. Bg5 O-O 
8. Bxf6 Bxf6 9. Nd5 Be6 10. c3 Rb8 11. Ne3 Ne7 12. Qb3 Qd7 13. O-O Nc6 
14. Bd5 Ne7 15. Bc4 Nc6 16. Rfe1 g6 17. Bd5 Qe7 18. Qa3 Rbc8 19. a5 Bg7 
20. h3 Bh6 21. Rad1 Rc7 22. b3 Rd8 23. Ra1 Bxe3 24. Rxe3 Kg7 25. Rd1 Rdc8 
26. Qa4 Qf6 27. Nd2 Qe7 28. Ree1 Qd7 29. Bc4 h6 30. Bb5 Qe7 31. a6 b6 
32. Qa1 Rd8 33. Qb2 Kh7 34. Nf3 Qf6 35. Re3 Bd7 36. Nd2 Qg7 37. Ree1 f5 
38. Nf3 f4 39. Bxc6 Rxc6 40. d4 g5 41. Nh2 Rg8 42. Qe2 cxd4 43. cxd4 exd4 
44. Qd3 g4 45. e5+ Kh8 46. e6 gxh3 47. Qxh3 Be8 48. Ng4 h5 49. Nh2 Rc3 
50. Nf3 Bc6 51. Kh2 Rc5 52. Kh1 Rc2 53. Rxd4 Rxf2 54. Qxh5+ Qh7 55. Qxh7+ Kxh7 
56. Rxd6 Bxf3 57. gxf3 Rxf3 58. Rd7+ Kh6 59. Kh2 Rf2+ 60. Kh1 Rf3 61. Kh2 Rf2+ 
62. Kh1 Rf3 1/2-1/2

[Event "Thursday 25 January Rapid Engine Tour 12+1 Rounds 9 Starts 1600 ST"]
[Site "Infinity Chess"]
[Date "2018.1.25"]
[Round "8"]
[White "RonWeasley"]
[Black "KhalidOmar"]
[Result "1/2-1/2"]
[ECO "C55"]
[WhiteElo "2512"]
[BlackElo "2462"]
[WhiteEngine "BrainFish 130117_CTG"]
[BlackEngine "Eman 1.67a 64-bit BMI2"]
[EventType "Swiss"]
[WhiteTeam ""]
[BlackTeam ""]
[PlyCount "114"]
[TimeControl "720+1"]

1. e4 e5 2. Nf3 Nc6 3. Bc4 Nf6 4. d3 Bc5 5. c3 a5 6. Bg5 h6 7. Bh4 g5 8. Bg3 d6 
9. O-O O-O 10. Bb3 g4 11. Nh4 Nh5 12. a4 Qg5 13. Na3 Bd7 14. Re1 Be6 
15. Nc4 Nxg3 16. hxg3 h5 17. Ne3 Rae8 18. Re2 Bxe3 19. Rxe3 Ne7 20. d4 Ng6 
21. Bxe6 fxe6 22. Nxg6 exd4 23. Qxd4 Qxg6 24. Rf1 Rf7 25. f4 Ref8 26. Qc4 Qh6 
27. Qe2 Rg7 28. Qe1 b6 29. Rd3 Rgf7 30. b4 Kh8 31. Qe2 Rg8 32. Qf2 Rgf8 
33. Qe2 Qh7 34. b5 Rf6 35. Re3 Rh6 36. f5 Rhf6 37. Qd3 Qd7 38. Re2 Qe7 
39. Qd2 Kh7 40. Rf4 Kg7 41. Re1 R8f7 42. c4 Kh7 43. Kh2 Kg7 44. Rff1 Kh7 
45. Rf2 Rh6 46. Rh1 Qf6 47. fxe6 Qxf2 48. exf7 Qxf7 49. Qd3 Kg7 50. Rf1 Rf6 
51. Re1 Qe7 52. e5 dxe5 53. Qe3 Kg6 54. Qe4+ Kg7 55. Qe3 Kg6 56. Qe4+ Kh6 
57. Qe3+ Kg6 1/2-1/2

[Event "Thursday 25 January Rapid Engine Tour 12+1 Rounds 9 Starts 1600 ST"]
[Site "Infinity Chess"]
[Date "2018.1.25"]
[Round "8"]
[White "SkyPilot"]
[Black "hafaba"]
[Result "1/2-1/2"]
[ECO "B00"]
[WhiteElo "2488"]
[BlackElo "2468"]
[WhiteEngine "stockfish_x64_bmi2_2018_01_13_CTG"]
[BlackEngine "Stockfish SL FA POPCNT_CTG"]
[EventType "Swiss"]
[WhiteTeam ""]
[BlackTeam ""]
[PlyCount "99"]
[TimeControl "720+1"]

1. e4 Nc6 2. d4 d5 3. e5 Bf5 4. Nf3 e6 5. c3 f6 6. Bb5 Nge7 7. exf6 gxf6 
8. Nh4 Bg6 9. O-O Qd7 10. Nd2 Nf5 11. Ndf3 O-O-O 12. Nxf5 Bxf5 13. Nh4 Be4 
14. Bf4 a6 15. Ba4 Bd6 16. f3 Bg6 17. Qd2 e5 18. Bg3 exd4 19. cxd4 Bxg3 
20. hxg3 Qd6 21. Bxc6 Qxg3 22. Bxb7+ Kxb7 23. Qf2 Qf4 24. g3 Qg5 25. Rfe1 Rhg8 
26. Kh2 Rg7 27. Qe3 Be8 28. Qb3+ Kc8 29. Rg1 Bb5 30. Qc3 Rdg8 31. b3 Bd7 
32. Rac1 c6 33. Qa5 Kb7 34. Qb4+ Ka8 35. Qa5 Kb7 36. Rce1 Qh6 37. Qb4+ Ka8 
38. Qa5 Bc8 39. Qc3 Bd7 40. Qa5 Bc8 41. Qc3 Kb8 42. Qxc6 Qd2+ 43. Kh1 Rxg3 
44. Qd6+ Ka8 45. Qxd5+ Kb8 46. Qd6+ Ka8 47. Qc6+ Kb8 48. Qd6+ Ka8 49. Qd5+ Kb8 
50. Qd6+ 1/2-1/2

[Event "Thursday 25 January Rapid Engine Tour 12+1 Rounds 9 Starts 1600 ST"]
[Site "Infinity Chess"]
[Date "2018.1.25"]
[Round "8"]
[White "Time_bandit"]
[Black "Marsell"]
[Result "1/2-1/2"]
[ECO "D05"]
[WhiteElo "2483"]
[BlackElo "2487"]
[WhiteEngine "asmfish-popcnt-012018-W"]
[BlackEngine "asmFishW_2018-01-11_popcnt"]
[EventType "Swiss"]
[WhiteTeam ""]
[BlackTeam ""]
[PlyCount "139"]
[TimeControl "720+1"]

1. d4 d5 2. Nf3 Nf6 3. e3 e6 4. Bd3 b6 5. b3 Bd6 6. Nbd2 O-O 7. e4 dxe4 
8. Nxe4 Bb7 9. Nxd6 Qxd6 10. O-O Nbd7 11. Re1 Rfd8 12. Bb2 c5 13. dxc5 Nxc5 
14. Bf1 Qf4 15. Qc1 Qxc1 16. Raxc1 Bxf3 17. gxf3 Kf8 18. Rcd1 Ke7 19. Bc4 Rac8 
20. Kg2 Ne8 21. Be2 Nd6 22. f4 g6 23. c4 a5 24. Kf3 Rd7 25. Rd4 Rcd8 
26. Red1 Nf5 27. Rxd7+ Rxd7 28. Rxd7+ Kxd7 29. Bf1 Ke7 30. Be5 Kd7 31. Ke2 Ne7 
32. Bc3 Ne4 33. Bb2 Nc5 34. Ke3 Nf5+ 35. Kd2 Nh4 36. Ke3 h6 37. Ke2 Nf5 
38. Be5 Nd6 39. Kd1 Ke7 40. Kc2 f6 41. Bb2 Nf5 42. Bd3 Nh4 43. Be2 Ng2 
44. Bc1 g5 45. fxg5 hxg5 46. a3 e5 47. b4 axb4 48. axb4 Ne6 49. Kc3 Kd6 
50. Bd1 f5 51. f3 Nef4 52. b5 Kc7 53. Kd2 Ne6 54. Ba3 Ngf4 55. Be7 Kd7 
56. Bf6 Kd6 57. Bc2 Nh5 58. Bh8 Nd4 59. Bd1 Nf4 60. Bf6 Nfe6 61. Kc3 f4 
62. h3 Nf5 63. Be2 Nfd4 64. Bd1 Nf5 65. Be2 Ng3 66. Bd3 Nh5 67. Bh8 Ng3 
68. Bf6 Nh5 69. Bh8 Ng3 70. Bf6 1/2-1/2

[Event "Thursday 25 January Rapid Engine Tour 12+1 Rounds 9 Starts 1600 ST"]
[Site "Infinity Chess"]
[Date "2018.1.25"]
[Round "7"]
[White "CrapCleaner"]
[Black "Satria_Ungu"]
[Result "1/2-1/2"]
[ECO "C50"]
[WhiteElo "2430"]
[BlackElo "2359"]
[WhiteEngine "komodo-11.2.2-64bit_CTG"]
[BlackEngine "Houdini 6_CTG"]
[EventType "Swiss"]
[WhiteTeam ""]
[BlackTeam ""]
[PlyCount "161"]
[TimeControl "720+1"]

1. e4 e5 2. Nf3 Nc6 3. Bc4 Bc5 4. O-O Nf6 5. d3 d6 6. c3 h6 7. b4 Bb6 8. a4 a5 
9. b5 Ne7 10. Nbd2 Ng6 11. Bb3 O-O 12. Nc4 Ba7 13. Re1 Re8 14. Be3 c6 
15. Bxa7 Rxa7 16. Ne3 Ra8 17. Rb1 Nf4 18. Qd2 Ng4 19. d4 Qf6 20. Nf1 Qe7 
21. bxc6 bxc6 22. Bc2 Qc7 23. c4 Ba6 24. h3 Nf6 25. Qc3 Nd7 26. Ne3 Rab8 
27. Qd2 Rxb1 28. Rxb1 Ne6 29. Rd1 Rd8 30. Qc3 Rb8 31. Nf5 c5 32. dxe5 dxe5 
33. Rd6 Rb6 34. Rxb6 Qxb6 35. Nxe5 Nxe5 36. Qxe5 Bxc4 37. Ne7+ Kf8 38. Nd5 Qd8 
39. Ne3 Ba6 40. Bb3 Qc7 41. Qxc7 Nxc7 42. f3 Na8 43. Nd5 Ke8 44. Kf2 Kd7 
45. Ke1 Kd6 46. Ne3 Nb6 47. Nf5+ Ke5 48. Nxg7 Bc8 49. Kd2 c4 50. Bd1 Kd4 
51. h4 f6 52. Nf5+ Bxf5 53. exf5 c3+ 54. Kc1 Nc4 55. Be2 Nd6 56. g4 Ke3 
57. Bd1 Nc4 58. h5 Kf4 59. Be2 Ne3 60. Bb5 Ke5 61. Bc6 Ng2 62. Kc2 Kd4 
63. Kb3 Ne1 64. Be4 c2 65. Kb2 Ke5 66. Ba8 Kf4 67. Kc1 Ke5 68. Bb7 Kf4 
69. Kd2 Ke5 70. Be4 Kf4 71. Bxc2 Nxf3+ 72. Kc3 Ne5 73. Kd4 Nxg4 74. Kc5 Ne3 
75. Bd3 Nd1 76. Bb5 Nb2 77. Kb6 Kxf5 78. Bc6 Kg5 79. Kxa5 Nxa4 80. Kxa4 Kxh5 
81. Kb5 1/2-1/2

[Event "Thursday 25 January Rapid Engine Tour 12+1 Rounds 9 Starts 1600 ST"]
[Site "Infinity Chess"]
[Date "2018.1.25"]
[Round "7"]
[White "angriff"]
[Black "OlivierEvan"]
[Result "1/2-1/2 "]
[ECO "D25"]
[WhiteElo "2397"]
[BlackElo "2385"]
[WhiteEngine "Stockfish SL FA POPCNT_CTG"]
[BlackEngine "Houdini 6"]
[EventType "Swiss"]
[WhiteTeam ""]
[BlackTeam ""]
[PlyCount "145"]
[TimeControl "720+1"]

1. d4 d5 2. c4 Bf5 3. cxd5 Nf6 4. Nf3 Nxd5 5. Nbd2 Nb6 6. e4 Bg6 7. h4 h6 
8. Bd3 Bh5 9. Rg1 f6 10. b3 e5 11. Bb2 exd4 12. g4 Bf7 13. Nxd4 c5 14. Bb5+ N8d7 
15. Nf5 Qc7 16. Qc2 O-O-O 17. O-O-O Kb8 18. h5 a6 19. Be2 Ne5 20. Kb1 Be6 
21. f4 Nc6 22. e5 fxe5 23. fxe5 Nxe5 24. Qe4 Bxf5 25. gxf5 Bd6 26. Qg2 Rhe8 
27. Qxg7 Nf7 28. Bc4 Ng5 29. Qxc7+ Kxc7 30. Bf6 Bf4 31. Bxd8+ Rxd8 32. f6 Bxd2 
33. Kc2 Nxc4 34. bxc4 Bf4 35. Rxd8 Kxd8 36. Rd1+ Kc7 37. f7 Nh7 38. a4 Bd6 
39. a5 Bf8 40. Rg1 Ng5 41. Re1 Bd6 42. Rf1 Ne6 43. Kd3 Kd7 44. Ke4 Ke7 
45. f8=Q+ Nxf8 46. Rb1 Ke6 47. Rxb7 Nd7 48. Ra7 Nb8 49. Rh7 Nd7 50. Rxh6+ Nf6+ 
51. Kd3 Bc7 52. Rg6 Kf7 53. Rg5 Bxa5 54. Rxc5 Bb4 55. Rc7+ Kg8 56. c5 Nxh5 
57. c6 Nf4+ 58. Ke4 Ne6 59. Ra7 Ba5 60. c7 Nxc7 61. Kf5 Kf8 62. Ke4 Ke7 
63. Rb7 Kd6 64. Kd4 Kc6 65. Rb8 Nb5+ 66. Kc4 Nd6+ 67. Kb3 Be1 68. Ra8 Kb5 
69. Rb8+ Ka5 70. Rg8 Nb7 71. Rg7 Kb6 72. Rg1 Bd2 73. Rg2 1/2-1/2

[Event "Thursday 25 January Rapid Engine Tour 12+1 Rounds 9 Starts 1600 ST"]
[Site "Infinity Chess"]
[Date "2018.1.25"]
[Round "7"]
[White "MarioDeMonti"]
[Black "ivrdurant"]
[Result "1-0"]
[ECO "B62"]
[WhiteElo "2424"]
[BlackElo "2366"]
[WhiteEngine "stockfish_x64_bmi2_2018_01_13_CTG"]
[BlackEngine "raubfisch me262_gtz16b3."]
[EventType "Swiss"]
[WhiteTeam ""]
[BlackTeam ""]
[PlyCount "63"]
[TimeControl "720+1"]

1. e4 c5 2. Nf3 d6 3. d4 cxd4 4. Nxd4 Nf6 5. Nc3 Nc6 6. Bg5 e6 7. f4 h6 
8. Bh4 Be7 9. Qd3 e5 10. Nxc6 bxc6 11. fxe5 dxe5 12. Qxd8+ Bxd8 13. O-O-O Bg4 
14. Re1 O-O 15. Be2 Bxe2 16. Rxe2 Nh5 17. Bxd8 Rfxd8 18. g3 Nf6 19. Na4 Rab8 
20. Nc5 Rb5 21. Nd3 Rd4 22. Rhe1 Ne8 23. b3 f6 24. a4 Rb8 25. Nc5 Kf7 
26. c3 Rdd8 27. Kc2 Nc7 28. b4 Ne6 29. Nb3 Ke7 30. h4 h5 31. Na5 Kd7 32. Kd3 1-0

[Event "Thursday 25 January Rapid Engine Tour 12+1 Rounds 9 Starts 1600 ST"]
[Site "Infinity Chess"]
[Date "2018.1.25"]
[Round "7"]
[White "IronMan"]
[Black "BraveDevil"]
[Result "1/2-1/2"]
[ECO "A05"]
[WhiteElo "2393"]
[BlackElo "2402"]
[WhiteEngine "Eman 1.58 64-bit BMI2"]
[BlackEngine "Cryptic AIL V2"]
[EventType "Swiss"]
[WhiteTeam ""]
[BlackTeam ""]
[PlyCount "110"]
[TimeControl "720+1"]

1. Nf3 Nf6 2. c4 g6 3. d4 Bg7 4. Nc3 d5 5. cxd5 Nxd5 6. e4 Nxc3 7. bxc3 c5 
8. Be3 Qa5 9. Qd2 Nc6 10. Rb1 a6 11. Rc1 cxd4 12. cxd4 Qxd2+ 13. Kxd2 e6 
14. Bd3 O-O 15. Rc5 Rd8 16. Rb1 Nxd4 17. Nxd4 Bxd4 18. Bxd4 Rxd4 19. Kc3 e5 
20. Rxe5 Rd8 21. Rd5 Bd7 22. a3 Rac8+ 23. Kd2 Bc6 24. Rxd8+ Rxd8 25. Ke3 Re8 
26. Kd4 Rd8+ 27. Kc3 Rc8 28. Kd4 Rd8+ 29. Kc3 Rc8 30. Kd2 Re8 31. f3 Re5 
32. g3 Rh5 33. h4 g5 34. hxg5 Rxg5 35. g4 h5 36. gxh5 Rxh5 37. Rb6 Ra5 
38. Rb3 Kf8 39. Rc3 Ke7 40. Ke3 Kd6 41. Bc4 f6 42. Bd3 Rh5 43. Bc4 Rh1 
44. Bd3 Re1+ 45. Kf4 Rg1 46. Ke3 a5 47. Kf2 Rg5 48. Be2 Rc5 49. Rxc5 Kxc5 
50. Ke3 b5 51. f4 Bd7 52. e5 fxe5 53. fxe5 a4 54. Ke4 b4 55. axb4+ Kxb4 1/2-1/2

[Event "Thursday 25 January Rapid Engine Tour 12+1 Rounds 9 Starts 1600 ST"]
[Site "Infinity Chess"]
[Date "2018.1.25"]
[Round "7"]
[White "Thinker"]
[Black "neófito"]
[Result "1-0"]
[ECO "B90"]
[WhiteElo "2436"]
[BlackElo "2410"]
[WhiteEngine "BrainFish_180124_x64_modern_CTG"]
[BlackEngine "BrainFish_180124_x64_bmi2"]
[EventType "Swiss"]
[WhiteTeam ""]
[BlackTeam ""]
[PlyCount "177"]
[TimeControl "720+1"]

1. e4 c5 2. Nf3 d6 3. d4 cxd4 4. Nxd4 Nf6 5. Nc3 a6 6. Be3 e5 7. Nb3 Be6 
8. f3 Be7 9. Qd2 Nbd7 10. g4 h6 11. O-O-O b5 12. h4 Nb6 13. Qf2 Nfd7 14. Kb1 Qc7 
15. Nd5 Bxd5 16. exd5 Nc4 17. Bc1 Qb6 18. Qe2 a5 19. Re1 Qd8 20. f4 a4 
21. Nd2 Bxh4 22. Rd1 a3 23. b3 Nb2 24. fxe5 O-O 25. Nf3 Bg3 26. e6 Ne5 
27. Bg2 Nxd1 28. Rxd1 Qe7 29. Nd4 Bh4 30. Nf5 Qd8 31. Bd2 Bg5 32. Bb4 Qf6 
33. Bc3 Qd8 34. Bh1 Kh8 35. Bb4 Qf6 36. c3 Ng6 37. Nxd6 fxe6 38. dxe6 Nf4 
39. Qc2 Qxe6 40. Bxa8 Rxa8 41. Qe4 Qxe4+ 42. Nxe4 Bf6 43. Nd6 Rb8 44. Kc2 Ng6 
45. Bxa3 Ne5 46. Rd4 Kg8 47. Re4 Nd7 48. Bb4 Bg5 49. a4 Nf6 50. Rd4 bxa4 
51. bxa4 g6 52. Rc4 Nd5 53. Kb3 Bf6 54. Ne4 Be5 55. a5 Kg7 56. a6 Ne3 
57. Rc6 Nxg4 58. Re6 g5 59. a7 Ra8 60. Bc5 Kf7 61. Re7+ Kg6 62. Nd6 Kf6 
63. Nb5 h5 64. Nc7 Rxa7 65. Nd5+ Kf5 66. Bxa7 h4 67. Bd4 Bg3 68. Rh7 Ne5 
69. c4 Ke4 70. Bxe5 Bxe5 71. Nc3+ Kf3 72. c5 g4 73. Rxh4 g3 74. Rh3 Kg4 
75. Rh6 g2 76. Ne2 Kf3 77. Re6 Bc7 78. c6 Kf2 79. Kc4 Kf3 80. Re7 Bh2 
81. Kd3 Kf2 82. Rf7+ Ke1 83. c7 g1=Q 84. Nxg1 Bxc7 85. Rxc7 Kf1 86. Rg7 Kf2 
87. Rg6 Kf1 88. Nh3 Ke1 89. Rg1# 1-0

[Event "Thursday 25 January Rapid Engine Tour 12+1 Rounds 9 Starts 1600 ST"]
[Site "Infinity Chess"]
[Date "2018.1.25"]
[Round "7"]
[White "Dovahkiin"]
[Black "Coco69"]
[Result "1/2-1/2"]
[ECO "A00"]
[WhiteElo "2433"]
[BlackElo "2437"]
[WhiteEngine "BrainFish_180113_x64_modern_CTG"]
[BlackEngine "Raubfisch X37b4_CTG"]
[EventType "Swiss"]
[WhiteTeam ""]
[BlackTeam ""]
[PlyCount "127"]
[TimeControl "720+1"]

1. e3 e5 2. e4 Nf6 3. Nc3 Bc5 4. Bc4 c6 5. Nf3 d6 6. d3 O-O 7. a4 Bg4 8. Ba2 Na6 
9. h3 Bh5 10. g4 Bg6 11. O-O Nc7 12. Ne2 Re8 13. Ng3 d5 14. Re1 h6 
15. exd5 Ncxd5 16. Rxe5 Rxe5 17. Nxe5 Qc7 18. d4 Bxc2 19. Qd2 Bh7 20. Nxc6 Bd6 
21. Ne5 Bxe5 22. dxe5 Qxe5 23. Qe2 Ne4 24. Bb1 Re8 25. Bxe4 Bxe4 26. Ra3 f5 
27. gxf5 Bxf5 28. Qxe5 Rxe5 29. Nxf5 Rxf5 30. a5 Rf7 31. Rd3 Rd7 32. Be3 a6 
33. Kh2 Kf7 34. Kg3 Ke6 35. h4 h5 36. Bc5 Kf5 37. Rd4 Kf6 38. Rd3 Kf5 
39. Rd4 Ke5 40. Rc4 Kf5 41. f3 Ke6 42. Re4+ Kf5 43. Bd4 Nf6 44. Re5+ Kg6 
45. Bc3 Kf7 46. Kf4 Rd1 47. Rf5 Kg6 48. Rc5 Nd5+ 49. Ke5 Nxc3 50. Rxc3 Re1+ 
51. Kd6 Kf6 52. Rc5 Rb1 53. Rxh5 Rxb2 54. Kc7 Rb4 55. Rd5 Rb3 56. Rd6+ Kf5 
57. h5 Kg5 58. Rg6+ Kxh5 59. Rxg7 Rb5 60. f4 Rxa5 61. Kxb7 Rf5 62. Rg1 a5 
63. Kc6 Rxf4 64. Kb5 1/2-1/2

[Event "Thursday 25 January Rapid Engine Tour 12+1 Rounds 9 Starts 1600 ST"]
[Site "Infinity Chess"]
[Date "2018.1.25"]
[Round "7"]
[White "ocirema"]
[Black "star99"]
[Result "1/2-1/2"]
[ECO "B90"]
[WhiteElo "2452"]
[BlackElo "2425"]
[WhiteEngine "stockfish_18012314_x64_modern_CTG"]
[BlackEngine "Cryptic AIL V2"]
[EventType "Swiss"]
[WhiteTeam ""]
[BlackTeam ""]
[PlyCount "114"]
[TimeControl "720+1"]

1. e4 c5 2. Nf3 d6 3. d4 cxd4 4. Nxd4 Nf6 5. Nc3 a6 6. Be3 e5 7. Nb3 Be7 
8. Be2 Be6 9. O-O O-O 10. Qd3 Nbd7 11. Nd5 Nxd5 12. exd5 e4 13. Qxe4 Nf6 
14. Qd3 Bxd5 15. Rfe1 Be4 16. Qd2 Re8 17. c3 d5 18. f3 Bg6 19. g3 Qd7 20. Bf1 h6 
21. Bd3 Bxd3 22. Qxd3 Bd6 23. Qd2 a5 24. Kg2 Be5 25. Bd4 a4 26. Bxe5 axb3 
27. a3 Nh7 28. Rad1 Re7 29. Bd4 Rxe1 30. Rxe1 Re8 31. Rxe8+ Qxe8 32. Qd1 Ng5 
33. Kf2 Qb5 34. h4 Ne6 35. Qd2 Qc4 36. f4 g6 37. Qe2 Qxe2+ 38. Kxe2 b5 
39. Kf3 h5 40. Bb6 Kf8 41. g4 hxg4+ 42. Kxg4 f5+ 43. Kf3 Kg7 44. Be3 Kf8 
45. Ke2 Kf7 46. Kf3 Kf6 47. Kg3 Ke7 48. Kf3 Kd6 49. Ke2 Kc6 50. Kd3 Nc7 
51. Kd4 Kd6 52. Kd3 Ne6 53. Ke2 Kc6 54. Kd3 Nc7 55. Kd4 Kd6 56. Kd3 Kd7 
57. Kd4 Kd6 1/2-1/2

[Event "Thursday 25 January Rapid Engine Tour 12+1 Rounds 9 Starts 1600 ST"]
[Site "Infinity Chess"]
[Date "2018.1.25"]
[Round "7"]
[White "Prometheus"]
[Black "KhalidOmar"]
[Result "1/2-1/2"]
[ECO "A05"]
[WhiteElo "2469"]
[BlackElo "2462"]
[WhiteEngine "Eman 1.67-64bit-IDeA"]
[BlackEngine "Eman 1.67a 64-bit BMI2"]
[EventType "Swiss"]
[WhiteTeam ""]
[BlackTeam ""]
[PlyCount "163"]
[TimeControl "720+1"]

1. Nf3 Nf6 2. e3 c5 3. d4 d5 4. c4 cxd4 5. exd4 g6 6. cxd5 Nxd5 7. Bc4 Bg7 
8. Qb3 e6 9. Bg5 Qb6 10. Bxd5 exd5 11. Nc3 Be6 12. Qa3 Nc6 13. O-O Bf8 
14. Qa4 Bg7 15. Qa3 h6 16. Bf4 Bf8 17. Qa4 Qb4 18. Qd1 Bg7 19. a3 Qxb2 
20. Na4 Qb5 21. Rb1 Qc4 22. Rc1 Qb5 23. Nc5 O-O 24. Rb1 Qc4 25. Rc1 Qb5 
26. Rb1 Qa5 27. Nxb7 Qc3 28. Rc1 Qb2 29. Rb1 Qc3 30. Rc1 Qb2 31. Rb1 Qa2 
32. h3 g5 33. Bd6 Rfe8 34. Bh2 Qxa3 35. Nd6 Rf8 36. Nb5 Qe7 37. Bd6 Qd7 
38. Bxf8 Rxf8 39. Nc3 Rd8 40. Na4 Bf5 41. Nc5 Qe7 42. Re1 Qf6 43. Rb7 Bc8 
44. Rb5 g4 45. hxg4 Bxg4 46. Rb3 Rc8 47. Qd2 Nxd4 48. Nxd4 Qxd4 49. Qxd4 Bxd4 
50. Rb4 Bxc5 51. Rxg4+ Kf8 52. Kf1 Bb6 53. Rd1 Rc2 54. Rf4 d4 55. Rd3 Ke7 
56. Ke1 Ra2 57. Kd1 f6 58. Rd2 Ra5 59. Re2+ Kf7 60. Rc2 Rg5 61. Rc6 Rxg2 
62. Rcxf6+ Ke7 63. Kc2 h5 64. Kd3 Rg1 65. Rh6 Rd1+ 66. Kc2 Ra1 67. Rxh5 Ra3 
68. Kb2 Rc3 69. Rh6 Bc5 70. Rf5 Ba3+ 71. Kb1 d3 72. Re5+ Kf8 73. Ka2 Kg7 
74. Ra6 Bc5 75. Rd5 Kf7 76. Kb2 Rc2+ 77. Kb1 Bxf2 78. Rxd3 Re2 79. Rd1 Re1 
80. Rc1 Rxc1+ 81. Kxc1 Bb6 82. Kc2 1/2-1/2

[Event "Thursday 25 January Rapid Engine Tour 12+1 Rounds 9 Starts 1600 ST"]
[Site "Infinity Chess"]
[Date "2018.1.25"]
[Round "7"]
[White "Ninja_Bp"]
[Black "Wolle"]
[Result "1/2-1/2"]
[ECO "D02"]
[WhiteElo "2445"]
[BlackElo "2466"]
[WhiteEngine "Houdini 6_CTG"]
[BlackEngine "Raubfisch X37a2_CTG"]
[EventType "Swiss"]
[WhiteTeam ""]
[BlackTeam ""]
[PlyCount "197"]
[TimeControl "720+1"]

1. d4 d5 2. Nf3 Nf6 3. c4 c6 4. e3 e6 5. b3 c5 6. Nbd2 cxd4 7. exd4 b6 
8. Bb2 Be7 9. Rc1 O-O 10. g3 Nc6 11. a3 Ne4 12. Bg2 Nxd2 13. Nxd2 Bf6 
14. Nf1 Ba6 15. Ne3 Rc8 16. cxd5 exd5 17. f4 g6 18. Bh3 Rc7 19. Kf2 Bc8 
20. Bg2 Be6 21. Bf3 Qd7 22. Qd3 Rfc8 23. h4 Ne7 24. h5 Rxc1 25. Rxc1 Rxc1 
26. Bxc1 Nf5 27. Ng4 Be7 28. hxg6 hxg6 29. Bb2 Qd8 30. b4 Kg7 31. Ne3 Nxe3 
32. Qxe3 Qc8 33. Qc3 Qh8 34. Bg2 Bf6 35. Qb3 Qa8 36. Qc4 a5 37. bxa5 Qxa5 
38. Qb4 Qa6 39. Qb3 Qc8 40. Bc3 Qd8 41. Qb4 Qc8 42. Qb3 Qa6 43. Bb2 Qa5 
44. Qb4 Qa7 45. Qb3 Qb7 46. Bf3 Kg8 47. Bc3 Qa6 48. Bb2 Qc8 49. Bc3 Qa6 
50. Bb2 Qc8 51. Bg2 Kf8 52. Qc3 Qb7 53. Qb3 Qc6 54. Bf3 Qb7 55. Bc3 Qc6 
56. Bb4+ Kg7 57. Bc3 Qc7 58. Bb2 Qd6 59. Bg2 Qd8 60. Qd3 Qd6 61. Qb3 Kg8 
62. Bf3 Qc6 63. Bg2 Kf8 64. Qc3 Qb7 65. Qb3 Kg7 66. Bf3 Qc8 67. Bg2 Qd8 
68. Qd3 Qh8 69. Qb5 Qh2 70. Qf1 Qh5 71. Qd3 Qh8 72. Qb5 Qh2 73. Qf1 Qh5 
74. Qd3 Kg8 75. Bc3 Qh6 76. Qb1 Qf8 77. Qb3 Qd8 78. Bf3 Qc7 79. Bb2 Qc6 
80. Kg2 Kg7 81. Kg1 g5 82. fxg5 Bxg5 83. Kf2 Be7 84. Qd3 Bf6 85. Bc3 Qc8 
86. Qe3 Qh8 87. Kg1 Qh3 88. Qf4 Qh7 89. Bd2 Qf5 90. Qxf5 Bxd4+ 91. Kg2 Bxf5 
92. Bxd5 Kf6 93. Kf3 Bc5 94. Bc3+ Kg5 95. a4 Bg4+ 96. Ke4 Bf5+ 97. Kf3 Bg4+ 
98. Ke4 Bf5+ 99. Kf3 1/2-1/2

[Event "Thursday 25 January Rapid Engine Tour 12+1 Rounds 9 Starts 1600 ST"]
[Site "Infinity Chess"]
[Date "2018.1.25"]
[Round "7"]
[White "Marsell"]
[Black "RonWeasley"]
[Result "1/2-1/2"]
[ECO "C11"]
[WhiteElo "2486"]
[BlackElo "2513"]
[WhiteEngine "asmFishW_2018-01-11_popcnt"]
[BlackEngine "BrainFish 130117_CTG"]
[EventType "Swiss"]
[WhiteTeam ""]
[BlackTeam ""]
[PlyCount "114"]
[TimeControl "720+1"]

1. e4 e6 2. d4 d5 3. Nc3 Nf6 4. e5 Nfd7 5. f4 c5 6. Nf3 Nc6 7. Be3 cxd4 
8. Nxd4 Qb6 9. Qd2 Qxb2 10. Rb1 Qa3 11. Bb5 Nxd4 12. Bxd4 a6 13. Bxd7+ Bxd7 
14. Rb3 Qe7 15. Rxb7 Rc8 16. O-O Qd8 17. Qe3 Rc4 18. Rfb1 Be7 19. f5 Bg5 
20. Qd3 O-O 21. Ne4 Bc8 22. Bb6 Be3+ 23. Qxe3 Qh4 24. Nf6+ gxf6 25. Rc7 exf5 
26. Rxc4 dxc4 27. exf6 Kh8 28. Bc7 Rg8 29. Bg3 Qg4 30. Qf4 c3 31. a3 Bd7 
32. Qxg4 fxg4 33. Rb7 Be6 34. Ra7 Rd8 35. Bf4 h5 36. Rxa6 Rd1+ 37. Kf2 Kh7 
38. Rc6 Kg6 39. Rxc3 Ra1 40. Kg3 Ra2 41. Kh4 Bd5 42. h3 Bxg2 43. hxg4 hxg4 
44. Be5 Bf3 45. Rc5 Kf5 46. Kg3 Ke4 47. a4 Bd1 48. Bc3 Rxc2 49. Re5+ Kd3 
50. Rd5+ Ke4 51. Rxd1 Rxc3+ 52. Kxg4 Ke5 53. a5 Ra3 54. a6 Rxa6 55. Re1+ Kxf6 
56. Rb1 Kg6 57. Rb5 Ra4+ 1/2-1/2

[Event "Thursday 25 January Rapid Engine Tour 12+1 Rounds 9 Starts 1600 ST"]
[Site "Infinity Chess"]
[Date "2018.1.25"]
[Round "7"]
[White "hafaba"]
[Black "Eman"]
[Result "1/2-1/2"]
[ECO "A05"]
[WhiteElo "2468"]
[BlackElo "2462"]
[WhiteEngine "Stockfish SL FA POPCNT_CTG"]
[BlackEngine "Eman 1.67a 64-bit POPCNT"]
[EventType "Swiss"]
[WhiteTeam ""]
[BlackTeam ""]
[PlyCount "178"]
[TimeControl "720+1"]

1. Nf3 Nf6 2. d4 d5 3. c4 e6 4. Nc3 c6 5. e3 Nbd7 6. Be2 b6 7. O-O Bb7 
8. Nd2 Be7 9. b3 O-O 10. Bb2 Re8 11. Rc1 Rc8 12. Re1 c5 13. dxc5 bxc5 
14. Nf3 Bd6 15. Qc2 Qe7 16. Red1 h6 17. Nb1 Ng4 18. Nbd2 Ngf6 19. g3 Bc6 
20. Bf1 a5 21. a4 Qd8 22. Bh3 Rc7 23. Ne1 Qa8 24. Bc3 d4 25. exd4 cxd4 
26. Bxd4 e5 27. Be3 Ba3 28. Rb1 e4 29. Qa2 Bf8 30. Nc2 Ne5 31. Bb6 Rcc8 
32. Ne3 Nfd7 33. Bd4 Rc7 34. Qa1 Nd3 35. Ndf1 h5 36. Nc2 N7c5 37. Nfe3 Ne6 
38. Bxe6 Rxe6 39. Nf5 Qc8 40. Qc3 Bb7 41. Qd2 Ra6 42. Nce3 g6 43. Nh4 Rd7 
44. Ba1 Bb4 45. Qe2 Qd8 46. Nhg2 Rad6 47. Rf1 Bc5 48. h4 Qe7 49. Rbd1 Qe6 
50. Kh2 Rd8 51. Rd2 Bb4 52. Rc2 Kh7 53. Nd5 Bxd5 54. cxd5 Qxd5 55. f3 Nc5 
56. fxe4 Nxe4 57. Nf4 Qb7 58. Qf3 Qe7 59. Re2 Rd2 60. Rfe1 Kg8 61. Kg2 Qb7 
62. Rxd2 Rxd2+ 63. Re2 Rxe2+ 64. Nxe2 Qd5 65. Bd4 f5 66. Bf2 Kf7 67. Nf4 Qc6 
68. Bd4 Bd6 69. Ne2 Qd5 70. Bf2 Qd2 71. Qe3 Qc2 72. Qf3 Qd1 73. Nf4 Qxf3+ 
74. Kxf3 Nd2+ 75. Ke2 Nxb3 76. Nd3 Ke6 77. Nf4+ Kf6 78. Nd3 Ke6 79. Nf4+ Kf7 
80. Nd3 Kf6 81. Kd1 f4 82. gxf4 Kf5 83. Bb6 Ke4 84. Kc2 Nd4+ 85. Kc3 Ne2+ 
86. Kc4 Nxf4 87. Nxf4 Bxf4 88. Bxa5 g5 89. hxg5 Bxg5 1/2-1/2

[Event "Thursday 25 January Rapid Engine Tour 12+1 Rounds 9 Starts 1600 ST"]
[Site "Infinity Chess"]
[Date "2018.1.25"]
[Round "7"]
[White "SkyPilot"]
[Black "Time_bandit"]
[Result "1/2-1/2"]
[ECO "C55"]
[WhiteElo "2488"]
[BlackElo "2483"]
[WhiteEngine "stockfish_x64_bmi2_2018_01_13_CTG"]
[BlackEngine "asmfish-popcnt-012018-W"]
[EventType "Swiss"]
[WhiteTeam ""]
[BlackTeam ""]
[PlyCount "114"]
[TimeControl "720+1"]

1. e4 e5 2. Nf3 Nc6 3. Bc4 Nf6 4. d3 Bc5 5. c3 d6 6. O-O a5 7. Re1 h6 
8. Nbd2 O-O 9. h3 a4 10. Bb5 Bd7 11. Nf1 Ne7 12. Bxd7 Qxd7 13. Ng3 Bb6 
14. d4 Rfe8 15. Be3 Qb5 16. Rb1 exd4 17. Bxd4 Nd7 18. a3 Rad8 19. Qc2 Nc6 
20. Nf5 Nce5 21. Rbd1 Nxf3+ 22. gxf3 Ne5 23. Kg2 Kh7 24. Bxb6 Qxb6 25. f4 Nc4 
26. Ne3 Nxe3+ 27. Rxe3 Qc6 28. Kg3 g6 29. Rd5 Re6 30. Qd3 Rde8 31. Re2 R8e7 
32. f3 f5 33. e5 Qb6 34. Kg2 Qc6 35. Kg3 Qb6 36. Kg2 Qc6 37. Re1 Qe8 
38. exd6 Rxe1 39. dxe7 Rxe7 40. Rd8 Qf7 41. Qd4 Re8 42. Rxe8 Qxe8 43. Qd5 c6 
44. Qc5 Qe2+ 45. Kg3 Qxb2 46. Qe7+ Kg8 47. Qf6 Qxa3 48. Qxg6+ Kf8 49. Qxf5+ Ke7 
50. Qh7+ Ke8 51. Qxb7 Qxc3 52. Qa8+ Kf7 53. Qxa4 Qg7+ 54. Kh4 Qf6+ 55. Kg3 Qg7+ 
56. Kh4 Qf6+ 57. Kg3 Qg7+ 1/2-1/2